TOP OF THE 1ST |
---|
Culver City Extras batting - Pitching for Bismarck Barons : RHP Robinson Alomar | Pitching: RHP Robinson Alomar | | Batting: RHB Horace Johnson | 0-0: Foul Ball, location: 2F 0-1: Ball 1-1: Ball 2-1: Foul Ball, location: 2F 2-2: Foul Ball, location: 2F 2-2: Strikes out swinging | Batting: RHB Jamie Swyers | 0-0: Swinging Strike 0-1: Called Strike 0-2: Ball 1-2: Ball 2-2: Strikes out swinging | Batting: LHB Randy Wiggins | 0-0: Ball 1-0: Foul Ball, location: 2F 1-1: Ball 2-1: Ground out 5-3 (Groundball, 5) | Top of the 1st over - 0 runs, 0 hits, 0 errors, 0 left on base; Culver City 0 - Bismarck 0 | BOTTOM OF THE 1ST |
---|
Bismarck Barons batting - Pitching for Culver City Extras : RHP Luis Vargas | Pitching: RHP Luis Vargas | | Batting: RHB Dave Anderson | 0-0: Foul Ball, location: 2F 0-1: Ball 1-1: Ground out 6-3 (Groundball, 6) | Batting: RHB Eugenio Maldonado | 0-0: Fly out, F7 (Flyball, 7S) | Batting: RHB Fernando Castellanos | 0-0: Ball 1-0: Called Strike 1-1: Called Strike 1-2: Foul Ball, location: 2F 1-2: Strikes out swinging | Bottom of the 1st over - 0 runs, 0 hits, 0 errors, 0 left on base; Culver City 0 - Bismarck 0 | TOP OF THE 2ND |
---|
Culver City Extras batting - Pitching for Bismarck Barons : RHP Robinson Alomar | Batting: LHB Tony Smith | 0-0: Fly out, F4 (Line Drive, 4) | Batting: SHB Joey Boyd | 0-0: Foul Ball, location: 2F 0-1: Ball 1-1: Fly out, F5 (Popup, 25F) | Batting: LHB Richard Bell | 0-0: DOUBLE (Line Drive, 9LM) | Batting: RHB Clarence Harrison | 0-0: Called Strike 0-1: Called Strike 0-2: Ball 1-2: Ball 2-2: Strikes out looking | Top of the 2nd over - 0 runs, 1 hit, 0 errors, 1 left on base; Culver City 0 - Bismarck 0 | BOTTOM OF THE 2ND |
---|
Bismarck Barons batting - Pitching for Culver City Extras : RHP Luis Vargas | Batting: LHB Corey MacGregor | 0-0: Ball 1-0: Foul Ball, location: 2F 1-1: Ball 2-1: Foul Ball, location: 2F 2-2: Strikes out looking | Batting: RHB Mark Roy | 0-0: Ball 1-0: Called Strike 1-1: DOUBLE (Flyball, 89XD) | Batting: RHB Dennis Garner | 0-0: Ball 1-0: Fly out, F8 (Flyball, 8RM) | Batting: RHB Xie-li Fong | 0-0: Called Strike 0-1: Ball 1-1: Ball 2-1: Foul Ball, location: 2F 2-2: Strikes out looking | Bottom of the 2nd over - 0 runs, 1 hit, 0 errors, 1 left on base; Culver City 0 - Bismarck 0 | TOP OF THE 3RD |
---|
Culver City Extras batting - Pitching for Bismarck Barons : RHP Robinson Alomar | Batting: RHB Pancho Reyna | 0-0: Ball 1-0: DOUBLE (Flyball, 8LXD) | Batting: RHB Mitchell Darragh | 0-0: Ball 1-0: Foul Ball, location: 2F 1-1: Ball 2-1: Called Strike 2-2: 2-RUN HOME RUN (Flyball, 7LD), Distance : 314 ft | Batting: RHB Horace Johnson | 0-0: Called Strike 0-1: Foul Ball, location: 2F 0-2: Ball 1-2: Foul Ball, location: 2F 1-2: Fly out, F8 (Flyball, 8RS) | Batting: RHB Jamie Swyers | 0-0: Ball 1-0: Ball 2-0: Swinging Strike 2-1: Foul Ball, location: 2F 2-2: Strikes out swinging | Batting: LHB Randy Wiggins | 0-0: Ball 1-0: Foul Ball, location: 2F 1-1: Ball 2-1: Fly out, F6 (Flyball, 6D) | Top of the 3rd over - 2 runs, 2 hits, 0 errors, 0 left on base; Culver City 2 - Bismarck 0 | BOTTOM OF THE 3RD |
---|
Bismarck Barons batting - Pitching for Culver City Extras : RHP Luis Vargas | Batting: RHB Pedro García | 0-0: Ball 1-0: Ball 2-0: Ball 3-0: Called Strike 3-1: Base on Balls | Batting: RHB Rubén Palma | 0-0: Ball 1-0: Foul Ball, location: 2F 1-1: Foul Ball, location: 2F 1-2: Foul Ball, location: 2F 1-2: Fly out, F8 (Flyball, 8RM) | Batting: RHB Dave Anderson | 0-0: Ball Pedro García is caught stealing 2nd base 1-0: Called Strike 1-1: Ball 2-1: Fly out, F9 (Flyball, 9LM) | Bottom of the 3rd over - 0 runs, 0 hits, 0 errors, 0 left on base; Culver City 2 - Bismarck 0 | TOP OF THE 4TH |
---|
Culver City Extras batting - Pitching for Bismarck Barons : RHP Robinson Alomar | Batting: LHB Tony Smith | 0-0: Called Strike 0-1: Called Strike 0-2: Foul Ball, location: 2F 0-2: Ball 1-2: Ball 2-2: Ball 3-2: Strikes out looking | Batting: SHB Joey Boyd | 0-0: Ball 1-0: Ground out 6-3 (Groundball, 6) | Batting: LHB Richard Bell | 0-0: Ball 1-0: Fly out, F7 (Flyball, 7S) | Top of the 4th over - 0 runs, 0 hits, 0 errors, 0 left on base; Culver City 2 - Bismarck 0 | BOTTOM OF THE 4TH |
---|
Bismarck Barons batting - Pitching for Culver City Extras : RHP Luis Vargas | Batting: RHB Eugenio Maldonado | 0-0: Called Strike 0-1: Ball 1-1: Foul Ball, location: 2F 1-2: SOLO HOME RUN (Line Drive, 7LD), Distance : 327 ft | Batting: RHB Fernando Castellanos | 0-0: Ball 1-0: Called Strike 1-1: Swinging Strike 1-2: Foul Ball, location: 2F 1-2: Strikes out swinging | Batting: LHB Corey MacGregor | 0-0: Ball 1-0: Ball 2-0: Swinging Strike 2-1: Ground out 1-3 (Groundball, 15S) | Batting: RHB Mark Roy | 0-0: Ball 1-0: Ball 2-0: Called Strike 2-1: Ball 3-1: Called Strike 3-2: Fly out, F8 (Flyball, 8RXD) | Bottom of the 4th over - 1 run, 1 hit, 0 errors, 0 left on base; Culver City 2 - Bismarck 1 | TOP OF THE 5TH |
---|
Culver City Extras batting - Pitching for Bismarck Barons : RHP Robinson Alomar | Batting: RHB Clarence Harrison | 0-0: Fly out, F7 (Flyball, 7) | Batting: RHB Pancho Reyna | 0-0: Foul Ball, location: 2F 0-1: Ball 1-1: Ball 2-1: Ground out 6-3 (Groundball, 6S) | Batting: RHB Mitchell Darragh | 0-0: Ball 1-0: Called Strike 1-1: Fly out, F7 (Flyball, 78D) | Top of the 5th over - 0 runs, 0 hits, 0 errors, 0 left on base; Culver City 2 - Bismarck 1 | BOTTOM OF THE 5TH |
---|
Bismarck Barons batting - Pitching for Culver City Extras : RHP Luis Vargas | Batting: RHB Dennis Garner | 0-0: Ground out U3 (Groundball, 3) | Batting: RHB Xie-li Fong | 0-0: Ball 1-0: Ball 2-0: SINGLE (Groundball, 6MS) (infield hit) | Batting: RHB Pedro García | 0-0: Ball 1-0: Ball 2-0: Called Strike 2-1: Swinging Strike 2-2: DOUBLE (Groundball, 3L) Xie-li Fong to third | Batting: RHB Rubén Palma | 0-0: Ball 1-0: Ball 2-0: Foul Ball, location: 2F 2-1: Fly out, F9 (Flyball, 89S) Runner from 3rd tags up, SCORES, throw made | Batting: RHB Dave Anderson | 0-0: Ball 1-0: Ball 2-0: Called Strike 2-1: Called Strike 2-2: Fly out, F7 (Line Drive, 7) | Bottom of the 5th over - 1 run, 2 hits, 0 errors, 1 left on base; Culver City 2 - Bismarck 2 | TOP OF THE 6TH |
---|
Culver City Extras batting - Pitching for Bismarck Barons : RHP Robinson Alomar | Batting: RHB Horace Johnson | 0-0: Ball 1-0: Foul Ball, location: 2F 1-1: Ball 2-1: Swinging Strike 2-2: Ball 3-2: Base on Balls | Batting: RHB Jamie Swyers | 0-0: Fielders Choice at 2nd, 4-6 (Groundball, 4) | Batting: LHB Randy Wiggins | 0-0: Ball Wild Pitch! Jamie Swyers to second 1-0: Ball Jamie Swyers steals 3rd base 2-0: Fly out, F8 (Flyball, 8LD) Runner from 3rd tags up, SCORES, no throw | Batting: LHB Tony Smith | 0-0: Called Strike 0-1: Hit by Pitch | Batting: SHB Joey Boyd | 0-0: Called Strike 0-1: Ball 1-1: Called Strike 1-2: Ball 2-2: Ground out U3 (Groundball, 3L) | Top of the 6th over - 1 run, 0 hits, 0 errors, 1 left on base; Culver City 3 - Bismarck 2 | BOTTOM OF THE 6TH |
---|
Bismarck Barons batting - Pitching for Culver City Extras : RHP Luis Vargas | Batting: RHB Eugenio Maldonado | 0-0: Ground out 5-3 (Groundball, 5) | Batting: RHB Fernando Castellanos | 0-0: Called Strike 0-1: Ball 1-1: Swinging Strike 1-2: Ground out 4-3 (Groundball, 4) | Batting: LHB Corey MacGregor | 0-0: Ground out 4-3 (Groundball, 4) | Bottom of the 6th over - 0 runs, 0 hits, 0 errors, 0 left on base; Culver City 3 - Bismarck 2 | TOP OF THE 7TH |
---|
Culver City Extras batting - Pitching for Bismarck Barons : RHP Robinson Alomar | Batting: LHB Richard Bell | 0-0: Ground out 6-3 (Groundball, 6) | Batting: RHB Clarence Harrison | 0-0: Ball 1-0: Ball 2-0: Called Strike 2-1: Ball 3-1: Foul Ball, location: 2F 3-2: DOUBLE (Line Drive, 9LM) | Batting: RHB Pancho Reyna | 0-0: Called Strike Clarence Harrison steals 3rd base 0-1: Ball 1-1: Swinging Strike 1-2: Foul Ball, location: 2F 1-2: Fly out, F8 (Flyball, 8LXD) Runner from 3rd tags up, SCORES, no throw | Batting: RHB Mitchell Darragh | 0-0: Swinging Strike 0-1: Called Strike 0-2: Ball 1-2: Fly out, F8 (Flyball, 8RD) | Top of the 7th over - 1 run, 1 hit, 0 errors, 0 left on base; Culver City 4 - Bismarck 2 | BOTTOM OF THE 7TH |
---|
Bismarck Barons batting - Pitching for Culver City Extras : RHP Luis Vargas | Batting: RHB Mark Roy | 0-0: Ground out 4-3 (Groundball, 4MD) | Batting: RHB Dennis Garner | 0-0: DOUBLE (Line Drive, 9D) | Batting: RHB Xie-li Fong | 0-0: Ball 1-0: Fly out, F9 (Line Drive, 9LD) Runner from 2nd tags up, SAFE at 3rd, no throw | Batting: RHB Pedro García | 0-0: Ball 1-0: Ground out 4-3 (Groundball, 34D) | Bottom of the 7th over - 0 runs, 1 hit, 0 errors, 1 left on base; Culver City 4 - Bismarck 2 | TOP OF THE 8TH |
---|
Culver City Extras batting - Pitching for Bismarck Barons : RHP Robinson Alomar | Pitching: LHP Adrian Bryant | | Batting: RHB Horace Johnson | 0-0: Ball 1-0: Ball 2-0: Ball 3-0: Base on Balls | Batting: RHB Jamie Swyers | 0-0: Bunted foul 0-1: Ball 1-1: Sac Bunt - play at first, batter OUT! 1-4 Horace Johnson to second | Batting: LHB Randy Wiggins | 0-0: Called Strike 0-1: Swinging Strike 0-2: Ball 1-2: Ball 2-2: Strikes out swinging, 2-3 out at first. | Batting: LHB Tony Smith | 0-0: Ball 1-0: Swinging Strike 1-1: Swinging Strike 1-2: Ball 2-2: Foul Ball, location: 2F 2-2: Foul Ball, location: 2F 2-2: Ball 3-2: Strikes out looking | Top of the 8th over - 0 runs, 0 hits, 0 errors, 1 left on base; Culver City 4 - Bismarck 2 | BOTTOM OF THE 8TH |
---|
Bismarck Barons batting - Pitching for Culver City Extras : RHP Luis Vargas | Now at SS: Dave Anderson | | Batting: RHB Rubén Palma | 0-0: Ball 1-0: Ball 2-0: Called Strike 2-1: Swinging Strike 2-2: SINGLE (Groundball, 56D) | Batting: RHB Dave Anderson | 0-0: Called Strike 0-1: Ball 1-1: Ball 2-1: Foul Ball, location: 2F 2-2: Ball 3-2: Strikes out swinging | Batting: RHB Eugenio Maldonado | 0-0: Called Strike 0-1: Ball 1-1: Ball 2-1: Swinging Strike 2-2: Foul Ball, location: 2F 2-2: 2-RUN HOME RUN (Flyball, 78XD), Distance : 378 ft | Batting: RHB Fernando Castellanos | 0-0: Ball 1-0: Ball 2-0: Ball 3-0: Called Strike 3-1: Called Strike 3-2: SINGLE (Flyball, 8RS) | Pitching: LHP Clarence Gill | | Pinch Runner at 1st Juan Castillo: | | Batting: LHB Corey MacGregor | 0-0: Ball 1-0: Called Strike 1-1: Ball 2-1: TRIPLE (Flyball, 8LXD) Juan Castillo scores | Pitching: LHP Orlando Morales | | Batting: RHB Mark Roy | 0-0: Called Strike 0-1: Ball 1-1: Ball 2-1: Swinging Strike 2-2: Foul Ball, location: 2F 2-2: Foul Ball, location: 2F 2-2: Strikes out looking | Batting: RHB Dennis Garner | 0-0: Ground out 5-3 (Groundball, 56) | Bottom of the 8th over - 3 runs, 4 hits, 0 errors, 1 left on base; Culver City 4 - Bismarck 5 | TOP OF THE 9TH |
---|
Culver City Extras batting - Pitching for Bismarck Barons : LHP Adrian Bryant | Pitching: RHP Ignacio Beltrán | | Now at 2B: Pancho Torres | | Now in RF: Juan Castillo | | Pinch Hitting: LHB Buddy Rice | 0-0: Ball 1-0: Foul Ball, location: 2F 1-1: Called Strike 1-2: Ball 2-2: Foul Ball, location: 2F 2-2: Ball 3-2: Foul Ball, location: 2F 3-2: Base on Balls | Pinch Runner at 1st Marcos Liñares: | | Batting: LHB Richard Bell | 0-0: SINGLE (Flyball, 78S) Marcos Liñares to second | Batting: RHB Clarence Harrison | 0-0: Ball 1-0: Called Strike 1-1: Ball 2-1: Foul Ball, location: 2F 2-2: Foul Ball, location: 2F 2-2: Ball 3-2: Foul Ball, location: 2F 3-2: Foul Ball, location: 2F 3-2: Strikes out swinging | Batting: RHB Pancho Reyna | 0-0: Ball 1-0: Ball 2-0: Ball 3-0: Base on Balls Marcos Liñares to third Richard Bell to second | Batting: RHB Mitchell Darragh | 0-0: Called Strike 0-1: Ball 1-1: Ball 2-1: Ball 3-1: Foul Ball, location: 2F 3-2: Strikes out swinging | Batting: RHB Dave Anderson | 0-0: Ball 1-0: Called Strike 1-1: Foul Ball, location: 2F 1-2: Foul Ball, location: 2F 1-2: Foul Ball, location: 2F 1-2: Strikes out looking | Top of the 9th over - 0 runs, 1 hit, 0 errors, 3 left on base; Culver City 4 - Bismarck 5 | |